 Dungeon Crawl Stone Soup version 0.28-a0-863-g8cecda6153 (webtiles) character file.

Game seed: 18250011312575614912

49 ytrimaz the Covered (level 4, -2/37 HPs)
             Began as a Formicid Fighter on Nov 17, 2021.
             Slain by a goblin (3 damage)
             ... on level 2 of the Dungeon.
             The game lasted 00:01:33 (1056 turns).

ytrimaz the Covered (Formicid Fighter)              Turns: 1056, Time: 00:01:33

Health: -2/37      AC:  7    Str: 22    XL:     4   Next: 1%
Magic:  4/4        EV:  9    Int:  7    God:
Gold:   41         SH:  5    Dex: 10    Spells: 3/3 levels left

rFire   . . .      SeeInvis +   a - +0 war axe
rCold   . . .      Faith    .   c - +1 buckler
rNeg    . . .      Spirit   .   b - +0 scale mail
rPois   .          Reflect  .   (helmet unavailable)
rElec   .          Harm     .   (no cloak)
rCorr   .          Rampage  .   (no gloves)
Will    .....                   (no boots)
Stlth   ..........              (no amulet)
HPRegen 0.12/turn               (no ring)
MPRegen 0.09/turn               (no ring)

@: mighty
A: permanent stasis, dig shafts and tunnels, antennae 3, four strong arms
a: Dig, Shaft Self


You were on level 2 of the Dungeon.
You visited 1 branch of the dungeon, and saw 2 of its levels.

You collected 41 gold pieces.

Inventory:

Hand Weapons
 a - a +0 war axe (weapon)
Armour
 b - a +0 scale mail (worn)
 c - a +1 buckler (worn)
Scrolls
 e - a scroll of identify
Potions
 g - a potion of cancellation


   Skills:
 + Level 3.9 Fighting
 + Level 2.6 Axes
 + Level 4.0 Armour
 - Level 3.6 Shields


You had 3 spell levels left.
You didn't know any spells.
Your spell library was empty.

Dungeon Overview and Level Annotations

Branches:
Dungeon (2/15)

Altars:

Shops:
D:1 [

Annotations:
D:2 Robin


Innate Abilities, Weirdness & Mutations

You cannot be hasted, slowed, berserked, paralysed or teleported.
You can dig through walls and to a lower floor.
You have a pair of large antennae on your head. (SInv)
Your four strong arms can wield two-handed weapons with a shield.


Message History

The goblin hits you but does no damage.
Unknown command.
The goblin shouts!
You slash the goblin!
You kill the goblin!
You slash the goblin!
You kill the goblin!
Robin throws the goblin at you! The goblin hits you but does no damage.
Robin barely misses you. The goblin hits you but does no damage.
Your Armour skill increases to level 4!
Robin roars a battlecry!
The goblins go into a battle-frenzy!
Items here: ))) †.
You closely miss Robin. You closely miss the goblin. You slash the endoplasm!
You kill the endoplasm!
A kobold comes into view. It is wielding a +0 dagger of draining.
Robin hits you with a +0 spear.
* * * LOW HITPOINT WARNING * * *
The goblin hits you with a +0 club.
* * * LOW HITPOINT WARNING * * *
You hit Robin.
Robin is lightly wounded.
You closely miss the goblin. Robin hits you with a +0 spear.
* * * LOW HITPOINT WARNING * * *
The goblin closely misses you.
Unknown command.
Unknown command.
You closely miss the goblin. You slash Robin! You slash the goblin!
You kill the goblin!
You block Robin's attack. The goblin hits you but does no damage.
Robin throws the goblin at you!
You have reached level 4!
You feel stronger.
Unknown command.
You barely miss Robin.
Robin is severely wounded.
You miss the goblin. The goblin hits you with a +0 dagger.
* * * LOW HITPOINT WARNING * * *
Robin completely misses you. The goblin hits you with a +0 dagger.
You die...

........#.........
........#.........
........#.........
................##
#.####.#..)....## # ###.#
#.#.......## ##.### ##...
###.........##
......####.g####...#.......##
........##..@))..#.....######
.g....(....g###.....#### ##..
......)......##.###.# ###..#
#....####K)...#.###.# #...##
#..# #.††........####.#... ..
#......##........##.....#.
...........................
.........###......##.......
...........).....###.......


You could see Robin, a goblin (strong) and a kobold.

Vanquished Creatures
  5 endoplasms
  3 giant cockroaches (D:1)
  12 goblins (D:2)
  4 hobgoblins
  3 kobolds (D:2)
  A quokka (D:2)
  7 ball pythons
  4 frilled lizards
  3 rats (D:1)
42 creatures vanquished.

Notes
Turn   | Place    | Note
-------+----------+-------------------------------------------
     0 | D:1      | ytrimaz the Formicid Fighter began the quest for the Orb.
     0 | D:1      | Reached XP level 1. HP: 18/18 MP: 1/1
   100 | D:1      | Reached XP level 2. HP: 24/24 MP: 2/2
   175 | D:1      | Found a faded altar of an unknown god.
   502 | D:1      | Found Kufuhyq's Armour Emporium.
   661 | D:2      | Reached XP level 3. HP: 25/30 MP: 3/3
  1030 | D:2      | Noticed Robin
  1052 | D:2      | Reached skill level 4 in Armour
  1054 | D:2      | HP: 1/30 [Robin (2)]
  1056 | D:2      | Reached XP level 4. HP: 1/37 MP: 4/4
  1056 | D:2      | Slain by a goblin

Illustrated notes

Levels and vault maps discovered:
D:1:      heliophobic_arrival_ceremonial_halls, layout_rooms,
          dreamdust_ecumenical_altar_hidden_monk_grotto, serial_shops,
          nicolae_shop_statue_plus
D:2:      layout_rooms, minmay_misc_feat_hallway, uniq_robin

Skill      XL: |  1  2  3 |
---------------+----------+-----
Armour         | 4 |  4.0
Fighting       | |  3.9
Axes           | |  2.6
Shields        | |  3.6

Action                   |  1- 3 |  4- 6 || total
-------------------------+-------+-------++-------
Melee: War axe           |    88 |     1 ||    89
  Use: Scroll            |     2 |       ||     2
       Potion            |     1 |       ||     1
Armor: Scale mail        |    68 |       ||    68
Dodge: Dodged            |    36 |     1 ||    37
Block: Buckler           |    25 |       ||    25

Table legend: (Time is in decaauts)
 A = Elapsed time spent in this place.
 B = Non-inter-level travel time spent in this place.
 C = Inter-level travel time spent in this place.
 D = Time resting spent in this place.
 E = Time spent auto-exploring this place.
 F = Levels seen in this place.
 G = Mean time per level.
                   A        B        C        D        E       F      G
               +--------+--------+--------+--------+--------+-----+--------+
         Total |   1089 |   1080 |      9 |      0 |    843 |   2 |  544.5 |
       Dungeon |   1089 |   1080 |      9 |      0 |    843 |   2 |  544.5 |
               +--------+--------+--------+--------+--------+-----+--------+

Top non-repeatable levels by time:
     D:1: 666 daAuts
     D:2: 423 daAuts
